 Dungeon Crawl Stone Soup version 0.21-a0-442-g848f44b (webtiles) character file.

142 4thArraOfDagon the Skirmisher (level 5, 1/47 HPs)
             Began as a Minotaur Abyssal Knight on Nov 16, 2017.
             Was a Believer of Lugonu.
             Quit the game on level 4 of the Dungeon.
             The game lasted 00:02:49 (833 turns).

4thArraOfDagon the Skirmisher (MiAK)                 Turns: 833, Time: 00:02:50

Health: 1/47       AC:  6    Str: 16    XL:     5   Next: 3%
Magic:  6/6        EV:  9    Int: 10    God:    Lugonu [**....]
Gold:   92         SH:  0    Dex: 10    Spells: 4/4 levels left

rFire    + . .     SeeInvis .   a - +1 hand axe
rCold    . . .     Gourm    .   (no shield)
rNeg     . . .     Faith    .   m - +0 scale mail
rPois    .         Spirit   .   (helmet restricted)
rElec    .         Reflect  .   (no cloak)
rCorr    .         Harm     .   (no gloves)
MR       .....                  (no boots)
Stlth    ..........             (no amulet)
HPRegen  0.15/turn              o - ring of protection from fire
MPRegen  0.10/turn              (no ring)

@: lethally poisoned (1 -> -1)
A: retaliatory headbutt, horns 2
a: Depart the Abyss, Bend Space, Renounce Religion


You were on level 4 of the Dungeon.
You worshipped Lugonu.
Lugonu was pleased with you.
You were not hungry.

You visited 1 branch of the dungeon, and saw 4 of its levels.
You visited the Abyss 1 time.

You collected 92 gold pieces.

Inventory:

Hand Weapons
 a - a +1 hand axe (weapon)
Armour
 b - a +0 leather armour
 m - a +0 scale mail (worn)
Jewellery
 o - a ring of protection from fire (left hand)
Scrolls
 d - 3 scrolls of identify {unknown}
 e - a scroll of recharging {unknown}
 h - 2 scrolls of remove curse {unknown}
 i - 2 scrolls of enchant weapon {unknown}
 j - a scroll of teleportation {unknown}
 k - a scroll of blinking {unknown}
 n - a scroll of fear {unknown}
 p - a scroll of immolation {unknown}
 r - 2 scrolls of amnesia {unknown}
Comestibles
 c - 3 bread rations
 f - 4 fruits
 l - a royal jelly
 q - a meat ration


   Skills:
 + Level 4.4 Fighting
 * Level 4.3 Axes
 + Level 3.5 Armour
 - Level 1.3 Dodging
 + Level 2.7 Invocations


You had 4 spell levels left.
You didn't know any spells.

Dungeon Overview and Level Annotations

Branches:
Dungeon (4/15)             Temple (0/1) D:4

Altars:
Elyvilon
Kikubaaqudgha
Nemelex Xobeh

Annotations:
D:4 Autsider's ghost, novice HOFi


Innate Abilities, Weirdness & Mutations

You reflexively headbutt those who attack you in melee.
You have a pair of horns on your head.


Message History

The adder bites you but does no damage.
You hit the adder.
The adder is moderately wounded.
You feel sick. The adder bites you.
* * * LOW HITPOINT WARNING * * *
You miss the adder. Your headbutt misses the adder.
The adder is moderately wounded.
The adder misses you. The adder barely misses you.
You hit the adder but do no damage.
The adder is moderately wounded.
You feel sick. The adder bites you but does no damage.
You miss the adder.
The adder is moderately wounded.
The adder barely misses you. The adder bites you.
* * * LOW HITPOINT WARNING * * *
You miss the adder.
The adder is moderately wounded.
The adder bites you.
* * * LOW HITPOINT WARNING * * *
Are you sure you want to abandon this character and quit the game? (Confirm with "yes".)

#$. ... #..
#.# #.# # #.#
#.#.###.# ##
#####
#.S@....# ##.
....
...../#.#####
...#..# #####
#.# #..†# #..
#<# ## ##.
#.# #.# .#
#J##.# ## .#
#W..# ... .#
#..## #.# ..#
.#


You could see an adder.

Vanquished Creatures
  2 worker ants
  4 adders
  An ooze (D:1)
  2 worms (D:2)
  A dart slug (D:1)
  3 orcs (D:2)
  3 bats
  4 giant cockroaches
  3 goblins (D:2)
  5 hobgoblins
  3 jackals (D:1)
  7 kobolds
  5 frilled lizards
  A rat (D:1)
44 creatures vanquished.

Notes
Turn   | Place    | Note
-------+----------+-------------------------------------------
     0 | Abyss:1  | 4thArraOfDagon the Minotaur Abyssal Knight began the quest for the Orb.
     0 | Abyss:1  | Reached XP level 1. HP: 19/19 MP: 1/1
     5 | Abyss:1  | Noticed a sixfirhy
     5 | D:1      | Escaped the Abyss
    38 | D:1      | Reached XP level 2. HP: 20/27 MP: 2/2
   117 | D:2      | Reached * piety under Lugonu
   132 | D:2      | Reached XP level 3. HP: 17/33 MP: 3/3
   243 | D:1      | Thaneod: może maga jakiegoś zrób:P
   348 | D:3      | 4thArraOfDagon: n w sumie
   364 | D:3      | Found a white marble altar of Elyvilon.
   364 | D:3      | Found a sparkling altar of Nemelex Xobeh.
   365 | D:3      | Found an ancient bone altar of Kikubaaqudgha.
   382 | D:2      | Reached XP level 4. HP: 22/40 MP: 4/4
   501 | D:3      | Thaneod: ok ale za jakiś czas
   511 | D:3      | Thaneod: z psem idem
   765 | D:4      | Noticed Autsider's ghost (novice HOFi)
   773 | D:4      | Found a staircase to the Ecumenical Temple.
   790 | D:4      | Reached ** piety under Lugonu
   798 | D:3      | Reached XP level 5. HP: 7/47 MP: 4/6
   832 | D:4      | HP: 1/47 [adder (2)]
   833 | D:4      | Quit the game

Vault maps used:
D:1:      dpeg_arrival_orchard
D:2:      guppyfry_early_orc_mine, uniq_robin
D:3:      nicolae_overflow_hidden_temple, gammafunk_temple_overflow_claw,
          first_bread
D:4:      old_standard_altar, lemuel_round_altar, temple_fountains, minivault_5

Skill      XL: |  1  2  3  4 |
---------------+-------------+-----
Invocations    | 2 |  2.7
Axes           | 3 4 |  4.3
Fighting       | 4 |  4.4
Armour         | 3 |  3.5
Dodging        | |  1.3

Action                   |  1- 3 |  4- 6 || total
-------------------------+-------+-------++-------
Melee: Hand axe          |    71 |    40 ||   111
       Headbutt          |    13 |     5 ||    18
Invok: Depart the Abyss  |     1 |       ||     1
  Use: Potion            |     1 |     2 ||     3
Armor: Leather armour    |    18 |       ||    18
       Scale mail        |       |    19 ||    19
Dodge: Dodged            |    55 |    30 ||    85

Table legend:
 A = Spawn XP
 B = Non-spawn XP
 C = Spawn XP percentage of total XP
 D = Spawn monster count
 E = Non-spawn monster count
 F = Spawn count percentage of total count
 G = Total turns spent on level
                    A         B        C        D         E        F      G
               +---------+---------+-------+---------+---------+-------+---------
         Total |       0 |     203 |   0.0 |       0 |      44 |   0.0 |   833
               +---------+---------+-------+---------+---------+-------+---------
           D:1 |       0 |      30 |   0.0 |       0 |      14 |   0.0 |   206
           D:2 |       0 |      68 |   0.0 |       0 |      20 |   0.0 |   216
           D:3 |       0 |      56 |   0.0 |       0 |       7 |   0.0 |   366
           D:4 |       0 |      49 |   0.0 |       0 |       3 |   0.0 |    40
               +---------+---------+-------+---------+---------+-------+---------
